 Dungeon Crawl Stone Soup version 0.30-a0-6-g7c9e10e132 (webtiles) character file.

Game seed: 8253001156484181525

63 siradein the Trooper (level 3, -5/33 HPs)
             Began as a Draconian Cinder Acolyte on Aug 23, 2022.
             Was a High Priest of Ignis.
             Slain by a gnoll
             ... wielding a +0 spear
              (6 damage)
             ... on level 3 of the Dungeon.
             The game lasted 00:02:27 (1844 turns).

siradein the Trooper (Draconian Cinder Acolyte)     Turns: 1844, Time: 00:02:27

Health: -5/33      AC: 12    Str: 16      XL:     3   Next: 89%
Magic:  0/4        EV: 10    Int: 14      God:    Ignis [*****.]
Gold:   150        SH:  3    Dex:  7 (8)  Spells: 2/4 levels left

rFire   + . .      SeeInvis .    a - -1 falchion (flame)
rCold   . . .      Faith    .    g - +0 buckler
rNeg    . . .      Spirit   .    (body armour unavailable)
rPois   .          Reflect  .    (helmet restricted)
rElec   .          Harm     .    (no cloak)
rCorr   .          Rampage  .    (no gloves)
Will    .....                    (no boots)
Stlth   +.........               (no amulet)
HPRegen 0.11/turn                (no ring)
MPRegen 0.09/turn                (no ring)

@: fiery-armoured
A: AC +5, unfitting armour, cold-blooded, hooves 1, deterioration 1, screaming 1
a: Renounce Religion, Fiery Armour, Foxfire Swarm, Rising Flame


You were on level 3 of the Dungeon.
You worshipped Ignis.
Ignis was extremely pleased with you.
You visited 1 branch of the dungeon, and saw 3 of its levels.

You collected 150 gold pieces.

Inventory:

Hand Weapons
 a - a -1 falchion of flaming (weapon)
Armour
 g - a +0 buckler (worn)
Scrolls
 b - a scroll of teleportation {unknown}
 c - 2 scrolls of butterflies {unknown}
 h - 2 scrolls of enchant armour {unknown}
 i - a scroll of enchant weapon {unknown}
 j - a scroll of brand weapon {unknown}
 l - a scroll of silence {unknown}
Potions
 d - a potion of attraction
 e - a potion of berserk rage
 f - a potion of invisibility
 k - a potion of lignification
 n - a potion of degeneration {unknown}


   Skills:
 + Level 4.2 Fighting
 + Level 3.9 Long Blades
 + Level 1.2 Shields
 - Level 1.0 Spellcasting
 - Level 3.0 Fire Magic


You had 2 spell levels left.
You knew the following spells:

 Your Spells              Type           Power      Damage    Failure   Level
a - Scorch                Fire           18%        2d6       16%         2

Your spell library contained the following spells:

 Spells                   Type           Power      Damage    Failure   Level
 Sting                    Tmut/Pois      0%         1d3       34%         1
 Poisonous Vapours        Pois/Air       0%         N/A       45%         2
 Ignite Poison            Fire/Tmut/Pois 3%         N/A       56%         3
 Mephitic Cloud           Conj/Pois/Air  0%         N/A       71%         3
 Portal Projectile        Hex/Tloc       0%         N/A       71%         3
 Tukima's Dance           Hex            0%         N/A       71%         3
 Olgreb's Toxic Radiance  Pois           0%         N/A       98%         4
 Blade Hands              Tmut           0%         N/A       100%        5
 Freezing Cloud           Conj/Ice/Air   0%         6-21      100%        5
 Iskenderun's Battlesphe  Conj           0%         2d6       100%        5
 Iron Shot                Conj/Erth      0%         9d1       100%        6
 Spellforged Servitor     Conj/Summ      0%         N/A       100%        7


Dungeon Overview and Level Annotations

Branches:
Dungeon (3/15)

Altars:
Cheibriados

Shops:
D:3 [


Innate Abilities, Weirdness & Mutations

Your plain brown scales are hard. (AC +5)
You cannot fit into any form of body armour.
You are cold-blooded and may be slowed by cold attacks.
You have large cloven feet.
Your body sometimes deteriorates upon taking damage.
You occasionally shout uncontrollably at your foes.


Message History

The gnoll barely misses you. The gnoll hits you but does no damage.
There are monsters nearby!
You closely miss the gnoll. You kick the gnoll, but do no damage.
The gnoll is moderately wounded.
The gnoll hits you with a +0 club.
The gnoll hits you from afar with a +0 spear.
There are monsters nearby!
You hit the gnoll. You burn the gnoll. Your kick misses the gnoll.
You tail-slap the gnoll.
The gnoll is almost dead.
The gnoll is no longer more vulnerable to fire.
The gnoll hits you from afar with a +0 spear. x2
The gnoll hits you with a +0 club.
* * * LOW HITPOINT WARNING * * *
A protective cloak of flame settles atop you.
You block the gnoll's attack. The gnoll barely misses you.
The gnoll completely misses you.
You closely miss the gnoll. Your kick misses the gnoll.
You tail-slap the gnoll.
You kill the gnoll!
The gnoll hits you but does no damage. The gnoll closely misses you.
You barely miss the frilled lizard. Your kick misses the frilled lizard.
The gnoll hits you from afar with a +0 spear.
* * * LOW HITPOINT WARNING * * *
The gnoll closely misses you.
The frilled lizard completely misses you.
The gnoll closely misses you. The gnoll hits you but does no damage.
The frilled lizard bites you but does no damage.
The frilled lizard is burned by your cloak of flames.
You kill the frilled lizard!
You hit the gnoll but do no damage. Your kick misses the gnoll.
The gnoll hits you but does no damage. x2; The gnoll hits you with a +0 club.
* * * LOW HITPOINT WARNING * * *
Your body deteriorates!
You feel clumsy.
The gnoll is burned by your cloak of flames.
The gnoll is lightly wounded.
You hit the gnoll but do no damage. Your kick misses the gnoll.
The gnoll is lightly wounded.
The gnoll hits you from afar with a +0 spear.
You die...

......# ......#
......##
.......######
............#####
......#####.....#
......# #####.#
##.## ......#
#.##......
####..#
#.@gg....)
#####.#
####g<...#
......# ....#
####### ...# ###


You could see 3 gnolls.

Vanquished Creatures
  2 gnolls
  An adder (D:3)
  2 endoplasms
  2 goblins
  6 hobgoblins
  3 quokkas
  2 ball pythons
  3 bats (D:1)
  3 frilled lizards
  6 kobolds
  4 rats
34 creatures vanquished.

Notes
Turn   | Place    | Note
-------+----------+-------------------------------------------
     0 | D:1      | siradein the Draconian Cinder Acolyte began the quest for
                  | the Orb.
     0 | D:1      | Reached XP level 1. HP: 19/19 MP: 2/2
    65 | D:1      | Reached XP level 2. HP: 15/27 MP: 3/3
    70 | D:1      | Learned a level 2 spell: Scorch
  1073 | D:2      | Reached XP level 3. HP: 30/32 MP: 1/4
  1316 | D:2      | Reached skill level 4 in Fighting
  1461 | D:2      | Gained mutation: You have large cloven feet. [potion of
                  | mutation]
  1461 | D:2      | Gained mutation: Your body sometimes deteriorates upon
                  | taking damage. [potion of mutation]
  1461 | D:2      | Gained mutation: You occasionally shout uncontrollably at
                  | your foes. [potion of mutation]
  1493 | D:3      | Found Riymoud's Armour Emporium.
  1695 | D:3      | Reached skill level 1 in Shields
  1763 | D:3      | Found a snail-covered altar of Cheibriados.
  1843 | D:3      | HP: 1/33 [gnoll/+0 club (4)]
  1844 | D:3      | Slain by a gnoll

Illustrated notes

Levels and vault maps discovered:
D:1:      spicycebolla_arrival_clurvy, layout_loops_cross
D:2:      layout_rooms
D:3:      layout_rooms, cheibriados_altar_1, nicolae_ru_the_path_less_chosen,
          serial_shops, nicolae_shop_hallway_stairs, nicolae_titane

Skill      XL: |  1  2  3 |
---------------+----------+-----
Fighting       | 4 |  4.2
Shields        | 1 |  1.2
Long Blades    | |  3.9
Spellcasting   | |  1.0
Fire Magic     | |  3.0

Action                   || total
-------------------------++-------
Melee: Falchion          ||    57
       Tailslap          ||     3
       Kick              ||     1
 Cast: Scorch            ||    16
Invok: Fiery Armour      ||     1
  Use: Scroll            ||     5
       Potion            ||     1
Armor: Skin              ||    21
Dodge: Dodged            ||    45
Block: Buckler           ||     9

Table legend: (Time is in decaauts)
 A = Elapsed time spent in this place.
 B = Non-inter-level travel time spent in this place.
 C = Inter-level travel time spent in this place.
 D = Time resting spent in this place.
 E = Time spent auto-exploring this place.
 F = Levels seen in this place.
 G = Mean time per level.
                   A        B        C        D        E       F      G
               +--------+--------+--------+--------+--------+-----+--------+
         Total |   1851 |   1783 |     68 |      0 |   1567 |   3 |  617.0 |
       Dungeon |   1851 |   1783 |     68 |      0 |   1567 |   3 |  617.0 |
               +--------+--------+--------+--------+--------+-----+--------+

Top non-repeatable levels by time:
     D:1: 1036 daAuts
     D:2: 462 daAuts
     D:3: 352 daAuts
